 Dungeon Crawl Stone Soup version 0.30-a0-824-g6c64550be9 (webtiles) character file.

Game seed: 910023552471707727

70 Nacht the Grave Robber (level 4, -6/30 HPs)
             Began as a Demonspawn Necromancer on Feb 27, 2023.
             Mangled by an orc warrior
             ... wielding a +0 halberd
              (12 damage)
             ... on level 3 of the Dungeon.
             The game lasted 00:02:11 (1847 turns).

Nacht the Grave Robber (Demonspawn Necromancer)     Turns: 1847, Time: 00:02:12

Health: -6/30      AC:  3    Str:  9    XL:     4   Next: 3%
Magic:  3/8        EV: 12    Int: 18    God:
Gold:   47         SH:  4    Dex: 13    Spells: 5/9 levels left

rFire   . . .      SeeInvis .    f - +4 short sword
rCold   . . .      Faith    .    (no shield)
rNeg    . . .      Spirit   .    j - +0 leather armour
rPois   .          Reflect  .    (no helmet)
rElec   .          Harm     .    (no cloak)
rCorr   .          Rampage  .    (no gloves)
Will    .....                    (no boots)
Stlth   ++                       (no amulet)
HPRegen 0.25/turn                (no ring)
MPRegen 0.11/turn                (no ring)

@: very slightly contaminated
A: sturdy frame 1, condensation shield, weakness stinger 1
a: no special abilities


You were on level 3 of the Dungeon.
You visited 1 branch of the dungeon, and saw 3 of its levels.

You collected 47 gold pieces.

Inventory:

Hand Weapons
 f - a +4 short sword (weapon)
Armour
 j - a +0 leather armour (worn)
Scrolls
 d - 2 scrolls of amnesia {unknown}
 g - a scroll of enchant weapon {unknown}
 h - a scroll of identify {unknown}
 k - 3 scrolls of teleportation {unknown}
Potions
 b - 2 potions of magic
 e - a potion of heal wounds {unknown}
 i - a potion of brilliance {unknown}
 l - a potion of degeneration {unknown}


   Skills:
 - Level 1.7 Dodging
 - Level 1.7 Stealth
 + Level 3.2 Spellcasting
 + Level 5.3 Necromancy


You had 5 spell levels left.
You knew the following spells:

 Your Spells              Type           Power      Damage    Failure   Level
a - Necrotise             Necr           88%        1d8       1%          1
b - Vampiric Draining     Necr           22%        2d7       6%          3

Your spell library contained the following spells:

 Spells                   Type           Power      Damage    Failure   Level
 Animate Dead             Necr           22%        N/A       19%         4
 Ensorcelled Hibernation  Hex/Ice        4%         N/A       26%         2
 Passwall                 Tmut/Erth      1%         N/A       26%         2
 Swiftness                Air            2%         N/A       45%         3
 Agony                    Necr           22%        N/A       47%         5


Dungeon Overview and Level Annotations

Branches:
Dungeon (3/15)

Altars:

Shops:
D:1 *


Innate Abilities, Weirdness & Mutations

Your movements are slightly less encumbered by armour. (ER -2)
A meltable shield of frost defends you. (SH +4)
You have a small tail.


Message History

An orc warrior is nearby!
An orc warrior is nearby!
Casting: Necrotise (safe; 1% risk of failure)
Confirm with . or Enter, or press ? or * to list all spells.
Aiming: Necrotise (safe; 1% risk of failure)
Press: ? - help, Shift-Dir - straight line, f - orc warrior
Aim: an orc warrior, wielding a +0 halberd and wearing a +0 plate armour (chance to affect: 81%)
The orc warrior writhes in agony.
The orc warrior hits you from afar with a +0 halberd.
Casting: Necrotise (safe; 1% risk of failure)
Confirm with . or Enter, or press ? or * to list all spells.
Aiming: Necrotise (safe; 1% risk of failure)
Press: ? - help, Shift-Dir - straight line, f/p - orc warrior
Aim: an orc warrior, wielding a +0 halberd and wearing a +0 plate armour (lightly wounded, chance to affect: 81%)
The orc warrior writhes in agony.
The orc warrior hits you from afar with a +0 halberd!
Casting: Necrotise (safe; 1% risk of failure)
Confirm with . or Enter, or press ? or * to list all spells.
Aiming: Necrotise (safe; 1% risk of failure)
Press: ? - help, Shift-Dir - straight line, f/p - orc warrior
Aim: an orc warrior, wielding a +0 halberd and wearing a +0 plate armour (moderately wounded, chance to affect: 81%)
You miscast Necrotise.
You are very lightly contaminated with residual magic.
Nothing appears to happen.
The orc warrior closely misses you.
Casting: Necrotise (safe; 1% risk of failure)
Confirm with . or Enter, or press ? or * to list all spells.
Aiming: Necrotise (safe; 1% risk of failure)
Press: ? - help, Shift-Dir - straight line, f/p - orc warrior
Aim: an orc warrior, wielding a +0 halberd and wearing a +0 plate armour (moderately wounded, chance to affect: 81%)
The orc warrior writhes in agony.
You block the orc warrior's attack.
Casting: Necrotise (safe; 1% risk of failure)
Confirm with . or Enter, or press ? or * to list all spells.
Aiming: Necrotise (safe; 1% risk of failure)
Press: ? - help, Shift-Dir - straight line, f/p - orc warrior
Aim: an orc warrior, wielding a +0 halberd and wearing a +0 plate armour (heavily wounded, chance to affect: 81%)
The orc warrior barely resists.
The orc warrior hits you from afar with a +0 halberd!
* * * LOW HITPOINT WARNING * * *
The orc warrior hits you with a +0 halberd!
You die...

#≈... ≈≈..
#####≈≈.# #≈≈≈≈≈..#
#≈≈≈≈≈.#
#≈≈≈≈..##### #
#≈≈≈..##...#
#.#≈o@.# #.#.#
.......#.# #.#.#
.....#.#.# #.#.####
.... #...###.#....#
...
##......#....######
..
##.....#..........
.
#.................
#.................
#..........<......


You could see an orc warrior.

Vanquished Creatures
  Natasha (D:3)
  4 orcs (D:3)
  3 endoplasms
  3 goblins
  2 hobgoblins
  3 jackals (D:1)
  3 kobolds
  2 quokkas (D:1)
  3 ball pythons
  3 bats
  2 frilled lizards
  7 rats
36 creatures vanquished.

Vanquished Creatures (collateral kills)
  An endoplasm (D:2)
  A jackal (D:1)
  A frilled lizard (D:1)
3 creatures vanquished.

Grand Total: 39 creatures vanquished

Notes
Turn   | Place    | Note
-------+----------+-------------------------------------------
     0 | D:1      | Nacht the Demonspawn Necromancer began the quest for the
                  | Orb.
     0 | D:1      | Reached XP level 1. HP: 13/13 MP: 3/3
   215 | D:1      | Gained mutation: You have a small tail. [demonic ancestry]
   215 | D:1      | Reached XP level 2. HP: 19/19 MP: 3/5
   443 | D:1      | Found Xipeyl's Assorted Antiques.
  1278 | D:2      | Reached skill level 5 in Necromancy
  1278 | D:2      | Gained mutation: Your movements are slightly less
                  | encumbered by armour. (ER -2) [demonic ancestry]
  1278 | D:2      | Reached XP level 3. HP: 24/24 MP: 5/7
  1516 | D:2      | Learned a level 3 spell: Vampiric Draining
  1538 | D:3      | Noticed Natasha
  1543 | D:3      | Killed Natasha
  1734 | D:3      | Gained mutation: A meltable shield of frost defends you.
                  | (SH +4) [demonic ancestry]
  1734 | D:3      | Reached XP level 4. HP: 30/30 MP: 5/8
  1841 | D:3      | Noticed an orc warrior
  1847 | D:3      | Mangled by an orc warrior

Illustrated notes

Levels and vault maps discovered:
D:1:      wheals_arrival_linesprint, layout_basic, serial_shops,
          nicolae_shop_hallway_plus, chequers_mini_garden
D:2:      layout_loops_ring, minmay_split_cup_small
D:3:      kennysheep_big_flooded_room, layout_basic, grunt_decor_junction,
          kennysheep_crisscross, minmay_misc_feat_encased,
          minmay_goblin_kobold_house, uniq_ijyb, uniq_natasha

Skill      XL: |  1  2  3 |
---------------+----------+-----
Necromancy     | 5 |  5.3
Spellcasting   | 3 |  3.2
Dodging        | |  1.7
Stealth        | |  1.7

Action                     |  1- 3 |  4- 6 || total
---------------------------+-------+-------++-------
  Melee: Unarmed           |    14 |       ||    14
         Short sword       |     2 |       ||     2
         Tailslap          |     1 |       ||     1
   Cast: Necrotise         |    49 |     7 ||    56
 Armour: Robe              |     5 |       ||     5
  Dodge: Dodged            |    27 |     1 ||    28
  Block: Other             |       |     1 ||     1

Table legend: (Time is in decaauts)
 A = Elapsed time spent in this place.
 B = Non-inter-level travel time spent in this place.
 C = Inter-level travel time spent in this place.
 D = Time resting spent in this place.
 E = Time spent auto-exploring this place.
 F = Levels seen in this place.
 G = Mean time per level.
                   A        B        C        D        E       F      G
               +--------+--------+--------+--------+--------+-----+--------+
         Total |   1845 |   1708 |    137 |      0 |   1461 |   3 |  615.0 |
       Dungeon |   1845 |   1708 |    137 |      0 |   1461 |   3 |  615.0 |
               +--------+--------+--------+--------+--------+-----+--------+

Top non-repeatable levels by time:
     D:1: 887 daAuts
     D:2: 649 daAuts
     D:3: 308 daAuts
